 Dungeon Crawl Stone Soup version 0.30.1-11-g7821555f0a (webtiles) character file.

Game seed: 13177184289299498318

65 lynx4198 the Slasher (level 3, 0/33 HPs)
             Began as an Armataur Berserker on Nov 28, 2023.
             Was a Believer of Trog.
             Killed from afar by Terence (2 damage)
             ... with a puff of flame
             ... on level 2 of the Dungeon.
             The game lasted 00:12:25 (1591 turns).

lynx4198 the Slasher (Armataur Berserker)           Turns: 1591, Time: 00:12:26

Health: 0/33       AC:  9    Str: 24    XL:     3   Next: 94%
Magic:  3/3        EV:  5    Int:  7    God:    Trog [**....]
Gold:   55         SH:  0    Dex:  9    Spells: 2/2 levels left

rFire   . . .        a - +0 falchion
rCold   . . .        (no shield)
rNeg    . . .        f - +0 plate armour
rPois   .            (no helmet)
rElec   .            (no cloak)
rCorr   .            (no gloves)
SInv    .            (no barding)
Will    .....        (no amulet) Stlth
                     (no ring)
HPRegen 0.25/turn    (no ring)
MPRegen 0.08/turn

%: roll
@: no status effects
A: large, rugged brown scales 3, deformed body, armoured tail, roll, long
tongue, awkward tongue
a: Renounce Religion, Berserk, Trog's Hand


You were on level 2 of the Dungeon.
You worshipped Trog.
Trog was pleased with you.
You visited 1 branch of the dungeon, and saw 2 of its levels.

You collected 55 gold pieces.

Inventory:

Hand Weapons
 a - a +0 falchion (weapon)
Missiles
 i - 2 throwing nets (quivered)
Armour
 b - a +0 animal skin
 f - a +0 plate armour (worn)
Scrolls
 c - 2 scrolls of identify {unknown}
 d - 2 scrolls of poison {unknown}
 j - a scroll of amnesia {unknown}
Potions
 g - 2 potions of mutation {unknown}
 h - a potion of attraction {unknown}
 k - 2 potions of invisibility {unknown}


   Skills:
 + Level 3.3 Fighting
 + Level 3.5 Long Blades
 + Level 2.8 Armour
 + Level 1.7 Dodging
 + Level 0.1 Stealth


You had 2 spell levels left.
You didn't know any spells.
Your spell library was empty.

Dungeon Overview and Level Annotations

Branches:
Dungeon (2/15)

Altars:
The Shining One

Annotations:
D:2 Terence


Innate Abilities, Weirdness & Mutations

You are completely covered in rugged brown scales. (AC +3, +7% HP)
Armour fits poorly on your strangely shaped body.
You have a long armoured tail.
You roll when moving toward enemies. (Rampage)
Your long tongue fully drains potion bottles. (2x potion effects)
Your tongue gives you trouble enunciating. (1.5x scroll delay)


Message History

Terence zaps a wand.
The puff of flame misses you.
There is an open door here.
You roll towards Terence!
You barely miss Terence.
You tail-slap Terence, but do no damage.
Terence hits you but does no damage.
You closely miss Terence.
Your tail-slap misses Terence.
Terence zaps a wand.
The puff of flame hits you.
You barely miss Terence. Terence hits you with a +0 mace. x2
You closely miss Terence. Terence hits you with a +0 mace.
You hit Terence.
Terence is moderately wounded.
Terence hits you with a +0 mace.
You hit Terence but do no damage.
Your tail-slap misses Terence.
Terence is moderately wounded.
Terence barely misses you.
You closely miss Terence.
Terence is moderately wounded.
Terence hits you with a +0 mace.
You barely miss Terence. You tail-slap Terence.
Terence is heavily wounded.
Terence hits you but does no damage. Terence attacks as you move away!
Terence hits you with a +0 mace.
It was a potion of magic.
Magic courses through your body.
You slurp down every last drop of the potion of magic!
Terence zaps a wand.
The puff of flame hits you!
* * * LOW HITPOINT WARNING * * *
You hit Terence but do no damage.
Terence is heavily wounded.
Terence zaps a wand.
The puff of flame misses you.
You barely miss Terence.
Terence is heavily wounded.
Terence hits you with a +0 mace!
* * * LOW HITPOINT WARNING * * *
You hit Terence.
Terence is severely wounded.
Terence hits you but does no damage. Terence barely misses you.
You hit Terence but do no damage.
Terence is severely wounded.
Terence zaps a wand.
The puff of flame hits you.
You die...

#...#..... #####...#..
#...#..... #.........#
#...#.....
#.........####...##....
#.........#............
#.........# #..........
#....$....#.#........#.
#.........#.#........#.
#....@@...#.#....##....
#................##....
#####+#'#........##....
......#.#..............
#...#.#.....†........ .
+.........#..##......
..###...#.#......####....
)................#.......
.........................


You could see Terence.

Vanquished Creatures
  2 adders (D:2)
  3 dart slugs (D:1)
  6 endoplasms (D:1)
  A giant cockroach (D:1)
  5 goblins
  5 hobgoblins
  A quokka (D:2)
  5 ball pythons
  A bat (D:1)
  3 frilled lizards
  7 kobolds (D:1)
  3 rats
42 creatures vanquished.

Notes
Turn   | Place    | Note
-------+----------+-------------------------------------------
     0 | D:1      | lynx4198 the Armataur Berserker began the quest for the
                  | Orb.
     0 | D:1      | Reached XP level 1. HP: 19/19 MP: 1/1
   199 | D:1      | Reached XP level 2. HP: 22/26 MP: 2/2
   813 | D:1      | Reached XP level 3. HP: 24/33 MP: 3/3
   813 | D:1      | Reached ** piety under Trog
  1465 | D:2      | Found a glowing golden altar of the Shining One.
  1576 | D:2      | Noticed Terence
  1589 | D:2      | HP: 1/33 [Terence/+0 mace (7)]
  1591 | D:2      | Killed from afar by Terence

Illustrated notes

Levels and vault maps discovered:
D:1:      matt_arrival_grand_opening, layout_basic, minmay_statues_item
D:2:      layout_basic, basic_altar, serial_shops, shop, uniq_terence,
          uniq_natasha

Skill      XL: |  1  2 |
---------------+-------+-----
Long Blades    | 3 |  3.5
Fighting       | 3 |  3.3
Armour         | |  2.8
Dodging        | |  1.7
Stealth        | |  0.1

Action                     || total
---------------------------++-------
  Melee: Falchion          ||   142
         Tailslap          ||    11
    Use: Potion            ||     1
 Armour: Animal skin       ||    10
         Plate armour      ||    82
  Dodge: Dodged            ||    40
